 Dungeon Crawl Stone Soup version 0.31-a0-881-ge136f0c47a (webtiles) character file.

Game seed: 941969094368776999

1131 zero the Digger (level 8, 0/46 HPs)
             Began as a Deep Elf Earth Elementalist on Oct 15, 2023.
             Succumbed to a killer bee's poison
             ... on level 6 of the Dungeon.
             The game lasted 00:05:25 (3590 turns).

zero the Digger (Deep Elf Earth Elementalist)       Turns: 3590, Time: 00:05:26

Health: 0/46       AC:  6    Str:  2 (5)  XL:     8   Next: 13%
Magic:  6/17       EV: 13    Int: 22 (23) God:
Gold:   59         SH:  0    Dex: 12 (15) Spells: 13/17 levels left

rFire   . . .        w - staff of earth
rCold   . . .        (no shield)
rNeg    . . .        t - +1 robe
rPois   .            n - +0 helmet
rElec   .            (no cloak)
rCorr   .            u - +1 pair of gloves {Stlth+}
SInv    .            (no boots)
Will    .....        (no amulet)
Stlth   +++          l - ring of flight
HPRegen 0.27/turn    y - ring of wizardry
MPRegen 0.15/turn

%: wizardry (x1)
@: lethally poisoned (0 -> -12), flying
A: no striking features
a: no special abilities


You were on level 6 of the Dungeon.
You visited 1 branch of the dungeon, and saw 6 of its levels.

You collected 238 gold pieces.
You spent 179 gold pieces at shops.

Inventory:

Hand Weapons
 D - the +10 long sword "Wewyikush" {venom, rN+ MP+9 Str+4 Dex+3}
   (You found it on level 5 of the Dungeon)

   Str+4:     It affects your strength (+4).
   Dex+3:     It affects your dexterity (+3).
   rN+:       It protects you from negative energy.
   MP+9:      It affects your magic capacity (+9).
 E - the +7 sling "Woiz" {speed, Fly}
   (You found it on level 5 of the Dungeon)

   Fly:       It grants you flight.
Missiles
 g - a throwing net
 G - 4 silver javelins
Armour
 n - a +0 helmet (worn)
 t - a +1 robe (worn)
 u - a +1 pair of gloves of stealth (worn)
Magical Staves
 w - a staff of earth (weapon)
Jewellery
 l - a ring of flight (left hand)
 y - a ring of wizardry (right hand)
Wands
 A - a wand of acid (15)
Scrolls
 d - 2 scrolls of poison {unknown}
 e - a scroll of amnesia {unknown}
 i - 2 scrolls of noise {unknown}
 j - a scroll of fear {unknown}
 k - 4 scrolls of blinking {unknown}
 m - 2 scrolls of teleportation {unknown}
 r - 6 scrolls of identify {unknown}
 s - 2 scrolls of vulnerability {unknown}
 v - a scroll of revelation {unknown}
Potions
 a - a potion of berserk rage {unknown}
 b - a potion of magic
 c - a potion of ambrosia {unknown}
 f - a potion of degeneration
 h - a potion of mutation {unknown}
 o - a potion of attraction {unknown}
 p - 2 potions of lignification {unknown}
 q - a potion of haste {unknown}
 x - 2 potions of curing {unknown}
 z - a potion of brilliance {unknown}
 B - a potion of resistance {unknown}
 F - a potion of enlightenment {unknown}


   Skills:
 + Level 3.2 Fighting
 - Level 4.0 Dodging
 - Level 4.0 Stealth
 - Level 5.0 Spellcasting
 - Level 4.0 Conjurations
 - Level 1.1 Transmutations
 + Level 7.4 Earth Magic


You had 13 spell levels left.
You knew the following spells:

 Your Spells              Type           Power      Damage    Failure   Level
a - Sandblast             Erth           100%       2d20      1%          1
b - Stone Arrow           Conj/Erth      92%        3d12      1%          3

Your spell library contained the following spells:

 Spells                   Type           Power      Damage    Failure   Level
 Passwall                 Tmut/Erth      30%        N/A       1%          2
 Brom's Barrelling Bould  Conj/Erth      46%        2d6       4%          4
 Petrify                  Tmut/Erth      36%        N/A       7%          4


Dungeon Overview and Level Annotations

Branches:
Dungeon (6/15)
 Temple: D:4-7

Altars:
Qazlal

Shops:
D:2 *


Message History

The killer bee closely misses you. The killer bee barely misses you.
The killer bee stings you! The killer bee closely misses you.
The killer bee stings you. The killer bee closely misses you.
You are too injured to fight recklessly!
You are too injured to fight recklessly!
You are too injured to fight recklessly!
Casting: Sandblast (safe; 1% risk of failure)
Confirm with . or Enter, or press ? or * to list all spells.
Aiming: Sandblast (safe; 1% risk of failure)
Press: ? - help, Shift-Dir - straight line, f/p - killer bee
Aim: a killer bee (70% to hit)
You feel a surge of power!
The blast of sand hits the killer bee!
You kill the killer bee!
You feel sick. The killer bee stings you. The killer bee barely misses you.
The killer bee stings you but does no damage.
Casting: Sandblast (safe; 1% risk of failure)
Confirm with . or Enter, or press ? or * to list all spells.
Aiming: Stone Arrow (safe; 1% risk of failure)
Press: ? - help, Shift-Dir - straight line, f - killer bee
Aim: a killer bee (51% to hit)
You feel a surge of power!
The stone arrow hits the killer bee!
The killer bee is heavily wounded.
You feel sick. The killer bee stings you.
* * * LOW HITPOINT WARNING * * *
The killer bee stings you.
* * * LOW HITPOINT WARNING * * *
Casting: Stone Arrow (safe; 1% risk of failure)
Confirm with . or Enter, or press ? or * to list all spells.
Aiming: Stone Arrow (safe; 1% risk of failure)
Press: ? - help, Shift-Dir - straight line, f/p - killer bee
Aim: a killer bee (heavily wounded, 51% to hit)
You feel a surge of power!
The stone arrow misses the killer bee.
You feel sick. The killer bee closely misses you. The killer bee stings you.
* * * LOW HITPOINT WARNING * * *
You are more poisoned.
The killer bee poisons you!
It was a potion of degeneration.
There was something very wrong with that liquid.
You feel weakened.
You feel dopey.
You feel clumsy.
You die...

#####.### ##.#.....##
##.........#
###.........## #######
##.#....##...####.....#
#.......##............#
..........#...........#
.##.....<.#....##..#.....
..........###..##@†# ....
#..<...........###y......
#..............# ...#...
...##..........# ..## .
... ..........# .## ..#
.#.... .# .# ...... .# .
. ... .# . ..


You could see a killer bee.

Vanquished Creatures
  Grinder (D:3)
  A black bear (D:5)
  4 scorpions
  2 killer bees (D:6)
  3 hounds (D:5)
  A jelly (D:4)
  2 orc priests (D:5)
  Jessica (D:2)
  An orc wizard (D:5)
  Robin (D:4)
  11 gnolls
  8 adders
  2 worms
  A dart slug (D:1)
  19 orcs
  5 endoplasms
  15 goblins
  9 hobgoblins
  4 kobolds
  2 quokkas (D:1)
  5 ball pythons
  5 frilled lizards
  2 rats
105 creatures vanquished.

Notes
Turn   | Place    | Note
-------+----------+-------------------------------------------
     0 | D:1      | zero the Deep Elf Earth Elementalist began the quest for
                  | the Orb.
     0 | D:1      | Reached XP level 1. HP: 10/10 MP: 6/6
   251 | D:1      | Reached XP level 2. HP: 15/15 MP: 4/8
   550 | D:2      | Reached skill level 4 in Earth Magic
   550 | D:2      | Reached XP level 3. HP: 19/19 MP: 6/10
   608 | D:2      | Learned a level 3 spell: Stone Arrow
   725 | D:2      | Found Cypto's Assorted Antiques.
   735 | D:2      | Bought a grey potion for 23 gold pieces
   735 | D:2      | Bought a scroll labelled IDOOWY TEOLEO for 26 gold pieces
   860 | D:2      | Reached XP level 4. HP: 24/24 MP: 9/12
   886 | D:2      | Reached skill level 1 in Conjurations
   908 | D:2      | Found a faded altar of an unknown god.
  1022 | D:2      | Noticed Jessica
  1030 | D:2      | Killed Jessica
  1031 | D:2      | Reached skill level 5 in Earth Magic
  1397 | D:3      | Reached XP level 5. HP: 28/28 MP: 11/13
  1437 | D:3      | You are sucked into a shaft and drop 1 floor!
  1457 | D:4      | Noticed Robin
  1597 | D:3      | Noticed Grinder
  1722 | D:3      | Killed Grinder
  1723 | D:3      | Reached skill level 6 in Earth Magic
  1723 | D:3      | Reached XP level 6. HP: 25/33 MP: 1/14
  2251 | D:4      | Killed Robin
  2376 | D:4      | Reached skill level 1 in Fighting
  2376 | D:4      | Reached XP level 7. HP: 36/38 MP: 11/15
  2743 | D:2      | Bought a marble ring for 130 gold pieces
  2766 | D:5      | Entered Level 5 of the Dungeon
  2766 | D:5      | Found a stormy altar of Qazlal.
  2811 | D:5      | Reached skill level 5 in Spellcasting
  2933 | D:5      | Noticed an air elemental
  2939 | D:5      | Noticed a water elemental
  2940 | D:5      | Noticed a fire elemental
  3134 | D:5      | Reached skill level 7 in Earth Magic
  3211 | D:5      | Identified the +10 long sword "Wewyikush" {venom, rN+ MP+9
                  | Str+4 Dex+3}
  3241 | D:5      | Identified the +7 sling "Woiz" {speed, Fly}
  3366 | D:5      | Reached XP level 8. HP: 45/45 MP: 14/17
  3590 | D:6      | Succumbed to a killer bee's poison

Illustrated notes

Levels and vault maps discovered:
D:1:      dpeg_arrival_pond, layout_basic
D:2:      layout_rooms, hellmonk_ecumenical_altar_inner_sanctum, serial_shops,
          nicolae_shop_statue_plus, corexii_leaking_fountain, uniq_jessica
D:3:      layout_basic, uniq_grinder
D:4:      layout_rooms, uniq_robin
D:5:      layout_loops_ring, nicolae_qazlal_style_of_elements
D:6:      layout_cave_pools, overflow_temple_1_default, minmay_manual_moon

Skill      XL: |  1  2  3  4  5  6  7  8 |
---------------+-------------------------+-----
Spellcasting   | 4 5 |  5.0
Earth Magic    | 4 5 6 7 |  7.4
Conjurations   | 2 4 |  4.0
Stealth        | 3 4 |  4.0
Dodging        | 3 4 |  4.0
Fighting       | 1 2 3 |  3.2
Transmutations | |  1.1

Action                     |  1- 3 |  4- 6 |  7- 9 || total
---------------------------+-------+-------+-------++-------
  Melee: Staff             |       |       |     1 ||     1
   Cast: Sandblast         |    33 |    69 |    49 ||   151
         Stone Arrow       |       |     3 |     2 ||     5
    Use: Potion            |       |       |     1 ||     1
 Armour: Robe              |     2 |    38 |    28 ||    68
  Dodge: Dodged            |     4 |    35 |    33 ||    72

Table legend: (Time is in decaauts)
 A = Elapsed time spent in this place.
 B = Non-inter-level travel time spent in this place.
 C = Inter-level travel time spent in this place.
 D = Time resting spent in this place.
 E = Time spent auto-exploring this place.
 F = Levels seen in this place.
 G = Mean time per level.
                   A        B        C        D        E       F      G
               +--------+--------+--------+--------+--------+-----+--------+
         Total |   3665 |   3414 |    251 |    288 |   2516 |   6 |  610.8 |
       Dungeon |   3665 |   3414 |    251 |    288 |   2516 |   6 |  610.8 |
               +--------+--------+--------+--------+--------+-----+--------+

Top non-repeatable levels by time:
     D:3: 896 daAuts
     D:5: 802 daAuts
     D:2: 772 daAuts
     D:4: 644 daAuts
     D:1: 512 daAuts
     D:6: 38 daAuts
